 Dungeon Crawl Stone Soup version 0.30-a0-1066-g63dfefce0d (webtiles) character file.

Game seed: 800004818457614103

89 KarmaKiller the Poker (level 4, -3/55 HPs)
             Began as a Merfolk Berserker on Apr 12, 2023.
             Was a Follower of Trog.
             Slain by a gnoll
             ... wielding a +0 halberd
              (13 damage)
             ... on level 3 of the Dungeon.
             The game lasted 00:08:51 (2039 turns).

KarmaKiller the Poker (Merfolk Berserker)           Turns: 2039, Time: 00:08:52

Health: -3/55      AC:  5    Str: 19    XL:     4   Next: 55%
Magic:  4/4        EV: 16    Int:  6    God:    Trog [*.....]
Gold:   141        SH:  0    Dex: 13    Spells: 3/3 levels left

rFire   . . .      SeeInvis .    a - +0 spear (freeze)
rCold   . . .      Faith    .    (no shield)
rNeg    . . .      Spirit   .    g - +0 ring mail
rPois   .          Reflect  .    (no helmet)
rElec   .          Rampage  .    (no cloak)
rCorr   .                        (no gloves)
Will    .....                    (no boots) Stlth
                                 (no amulet)
HPRegen 0.29/turn                l - +5 ring of evasion
MPRegen 0.09/turn                (no ring)

@: berserking, very quick
A: (nimble swimmer 2), mertail
a: Renounce Religion, Berserk


You were on level 3 of the Dungeon.
You worshipped Trog.
Trog was aware of your devotion.
You visited 1 branch of the dungeon, and saw 3 of its levels.

You collected 141 gold pieces.

Inventory:

Hand Weapons
 a - a +0 spear of freezing (weapon)
Armour
 g - a +0 ring mail (worn)
Jewellery
 h - the ring of Solug {Ice Int+8 Dex-4}
   (You found it on level 2 of the Dungeon)

   [ring of ice]

   It enhances your ice magic.
   Int:       It affects your intelligence (+8).
   Dex:       It affects your dexterity (-4).
   rF:        It makes you vulnerable to fire.
   rC:        It protects you from cold.
 l - a +5 ring of evasion (left hand)
Scrolls
 d - 4 scrolls of fear
 e - a scroll of teleportation
Potions
 c - a potion of curing
 i - a potion of cancellation
 k - a potion of degeneration


   Skills:
 + Level 3.9 Fighting
 + Level 5.4 Polearms
 + Level 2.1 Armour
 + Level 3.1 Dodging


You had 3 spell levels left.
You didn't know any spells.
Your spell library was empty.

Dungeon Overview and Level Annotations

Branches:
Dungeon (3/15)

Altars:


Innate Abilities, Weirdness & Mutations

((You are very nimble when in or above water. (Stealth+, EV+, Speed+++)))
Your lower body shifts to a powerful aquatic tail in water.


Message History

3 gnolls come into view.
Found a mace.
The gnoll shouts!
You hear a shout!
You hear an angry hiss.
A gnoll comes into view. It is wielding a +0 whip.
The gnoll barely misses you.
There is a stone staircase leading down here.
The gnoll closely misses you.
There is a stone staircase leading down here.
An adder comes into view.
The gnoll hits you but does no damage. The gnoll barely misses you.
The gnoll hits you with a +0 flail!
A red film seems to cover your vision as you go berserk!
You feel yourself moving faster!
You feel mighty! The gnoll completely misses you.
The gnoll hits you with a +0 whip. The gnoll closely misses you.
You hit the gnoll. You freeze the gnoll.
The gnoll is moderately wounded.
You barely miss the gnoll.
The gnoll is moderately wounded.
The gnoll hits you from afar with a +0 halberd.
The gnoll hits you with a +0 flail! The gnoll closely misses you.
You hit the gnoll. You freeze the gnoll.
The gnoll is almost dead.
You puncture the gnoll! You freeze the gnoll.
You kill the gnoll!
Trog accepts your kill. The gnoll closely misses you.
The gnoll barely misses you.
You puncture the gnoll! You freeze the gnoll.
You kill the gnoll!
Trog accepts your kill.
Your Armour skill increases to level 2!
You barely miss the adder. The gnoll hits you but does no damage.
The gnoll hits you with a +0 flail!
* * * LOW HITPOINT WARNING * * *
The adder completely misses you.
You puncture the adder! You freeze the adder.
You kill the adder!
Trog accepts your kill. The gnoll hits you with a +0 halberd!
You die...

# ## ####
#.##. #.. ###
... #.# #.#
.#..##.##.#
#.#
..)...g@.>#
#.#
....##.##g#
#.# . #. #.#
#.# #. #.# #.#
#.##.####.#
#.........#
####.######
##......#
............<#


You could see 2 gnolls.

Vanquished Creatures
  2 gnolls (D:3)
  2 adders
  3 dart slugs
  2 bats (D:1)
  4 endoplasms (D:1)
  A giant cockroach (D:2)
  4 goblins
  2 hobgoblins
  10 jackals
  2 quokkas
  2 frilled lizards (D:1)
  5 kobolds
  3 rats
42 creatures vanquished.

Notes
Turn   | Place    | Note
-------+----------+-------------------------------------------
     0 | D:1      | KarmaKiller the Merfolk Berserker began the quest for the
                  | Orb.
     0 | D:1      | Reached XP level 1. HP: 18/18 MP: 1/1
   198 | D:1      | Reached XP level 2. HP: 22/24 MP: 2/2
   378 | D:1      | Found a faded altar of an unknown god.
   418 | D:1      | Reached XP level 3. HP: 26/30 MP: 3/3
  1233 | D:2      | Reached skill level 5 in Polearms
  1338 | D:2      | Identified the ring of Solug {Ice Int+8 Dex-4}
  1680 | D:2      | Reached XP level 4. HP: 37/37 MP: 4/4
  2039 | D:3      | Slain by a gnoll

Illustrated notes

Levels and vault maps discovered:
D:1:      wander_arrival_chamber, layout_basic,
          hellmonk_ecumenical_altar_dog_temple
D:2:      layout_loops_cross
D:3:      layout_basic, nicolae_yredelemnul_ghost_church

Skill      XL: |  1  2  3  4 |
---------------+-------------+-----
Polearms       | 5 |  5.4
Dodging        | 3 |  3.1
Armour         | 2 |  2.1
Fighting       | |  3.9

Action                     |  1- 3 |  4- 6 || total
---------------------------+-------+-------++-------
  Melee: Spear             |   126 |    11 ||   137
         Punch             |     1 |       ||     1
 Invoke: Berserk           |     2 |     1 ||     3
    Use: Scroll            |     7 |     3 ||    10
         Potion            |     2 |       ||     2
 Armour: Animal skin       |     6 |       ||     6
         Ring mail         |    25 |     3 ||    28
  Dodge: Dodged            |    83 |    11 ||    94

Table legend: (Time is in decaauts)
 A = Elapsed time spent in this place.
 B = Non-inter-level travel time spent in this place.
 C = Inter-level travel time spent in this place.
 D = Time resting spent in this place.
 E = Time spent auto-exploring this place.
 F = Levels seen in this place.
 G = Mean time per level.
                   A        B        C        D        E       F      G
               +--------+--------+--------+--------+--------+-----+--------+
         Total |   2037 |   2037 |      0 |    155 |      0 |   3 |  679.0 |
       Dungeon |   2037 |   2037 |      0 |    155 |      0 |   3 |  679.0 |
               +--------+--------+--------+--------+--------+-----+--------+

Top non-repeatable levels by time:
     D:1: 1182 daAuts
     D:2: 816 daAuts
     D:3: 39 daAuts
